 Dungeon Crawl Stone Soup version 0.31.0-1-g2c135a008e (webtiles) character file.

Game seed: 5704529216266697519

94 GreatBamboolord the Vexing (level 4, -1/49 HPs)
             Began as a Demonspawn Hexslinger on Jan 20, 2024.
             Slain by a black bear (3 damage)
             ... on level 4 of the Dungeon.
             The game lasted 00:02:50 (1663 turns).

GreatBamboolord the Vexing (Demonspawn Hexslinger)  Turns: 1663, Time: 00:02:51

Health: -1/49      AC: 22    Str:  8    XL:     4   Next: 38%
Magic:  6/6        EV:  2    Int: 16    God:
Gold:   145        SH:  0    Dex: 15    Spells: 2/5 levels left

rFire   . . .        a - +1 sling
rCold   . . .        (no shield)
rNeg    . . .        i - melded +1 robe {rN+}
rPois   +            l - melded +0 helmet
rElec   .            (cloak currently unavailable)
rCorr   .            (gloves currently unavailable)
SInv    .            (boots currently unavailable)
Will    .....        (no amulet)
Stlth   +            (no ring)
HPRegen 0.28/turn    (no ring)
MPRegen 0.10/turn

%: no passive effects
@: tree-form
A: stationary, stasis, torment immunity, boosted hp, (spiny 1), (weakness
stinger 1)
a: no special abilities


You were on level 4 of the Dungeon.
You were a tree.
You visited 1 branch of the dungeon, and saw 4 of its levels.

You collected 145 gold pieces.

Inventory:

Hand Weapons
 a - a +1 sling (weapon)
Armour
 i - a +1 robe of positive energy (melded)
 l - a +0 helmet (melded)
Scrolls
 b - a scroll of poison
 e - a scroll of amnesia
 f - a scroll of fear
 g - a scroll of noise
 h - a scroll of teleportation {unknown}
 k - a scroll of revelation {unknown}
Potions
 d - 2 potions of lignification
 j - a potion of attraction


   Skills:
 * Level 2.1 Fighting
 * Level 2.4 Ranged Weapons
 * Level 2.5 Dodging
 + Level 1.4 Spellcasting
 + Level 3.2 Hexes
 + Level 1.3 Fire Magic


You had 2 spell levels left.
You knew the following spells:

 Your Spells              Type           Power      Damage    Failure   Level
a - Slow                  Hex            44%        N/A       6%          1
b - Jinxbite              Hex            22%        N/A       9%          2

Your spell library contained the following spells:

 Spells                   Type           Power      Damage    Failure   Level
 Ensorcelled Hibernation  Hex/Ice        12%        N/A       17%         2
 Confusing Touch          Hex            11%        N/A       17%         3
 Sigil of Binding         Hex            11%        N/A       17%         3
 Inner Flame              Hex/Fire       8%         N/A       26%         3
 Cause Fear               Hex            5%         N/A       50%         4
 Fugue of the Fallen      Necr           1%         N/A       54%         3
 Vampiric Draining        Necr           1%         2d6       54%         3
 Anguish                  Hex/Necr       3%         N/A       73%         4
 Dimensional Bullseye     Hex/Tloc       3%         N/A       73%         4
 Animate Armour           Summ/Erth      2%         N/A       91%         4
 Summon Lightning Spire   Summ/Air       1%         N/A       91%         4
 Lee's Rapid Deconstruct  Erth           0%         3d4*      99%         5
 Chain Lightning          Conj/Air       0%         2d1       100%        9
 Fire Storm               Conj/Fire      1%         8d1       100%        9
 Shatter                  Erth           0%         3d5*      100%        9


Dungeon Overview and Level Annotations

Branches:
Dungeon (4/15)
 Temple: D:4-7

Altars:
Ru
Sif Muna


Innate Abilities, Weirdness & Mutations

You are a tree.
Your roots penetrate the ground, keeping you stationary.
You cannot be teleported.
You are immune to unholy pain and torment.
Your maximum health is greatly increased.
Your equipment is partially melded.
((You are partially covered in sharp spines.))
((You have a small tail.))


Message History

The black bear closely misses you.
You shoot a sling bullet. The sling bullet hits the black bear.
The black bear is severely wounded.
The black bear bites you.
The black bear claws you but does no damage.
The black bear claws you.
The black bear is struck by your spines.
The black bear closely misses you. The black bear claws you. x2
Fire: a) +1 sling
Press: ? - help, Q - select action, (/) - cycle Shift-Dir - straight line, f/p - black bear
Aim: a black bear (severely wounded, 67% to hit)
You shoot a sling bullet. The sling bullet hits the black bear.
The black bear is almost dead.
The black bear goes berserk!
You turn into a tree.
Your +0 helmet melds into your body.
Your +1 robe of positive energy melds into your body.
You feel less protected from negative energy.
Your roots penetrate the ground.
The black bear barely misses you. The black bear claws you.
The black bear claws you but does no damage.
Unknown command.
Fire: a) +1 sling
Press: ? - help, Q - select action, (/) - cycle Shift-Dir - straight line, f/p - black bear
Aim: a black bear (almost dead, berserk, 67% to hit)
You shoot a sling bullet.
The sling bullet barely misses the black bear.
The black bear bites you.
The black bear claws you but does no damage. x2
The black bear bites you!
* * * LOW HITPOINT WARNING * * *
The black bear claws you but does no damage.
The black bear claws you.
* * * LOW HITPOINT WARNING * * *
Fire: a) +1 sling
Press: ? - help, Q - select action, (/) - cycle Shift-Dir - straight line, f/p - black bear
Aim: a black bear (almost dead, berserk, 67% to hit)
You shoot a sling bullet. The sling bullet hits the black bear.
The black bear is almost dead.
The black bear bites you.
You die...

....#.##.#
###.#..#.# #.#
.......#.#
#####.#
###.#..#[#
#...#.# #[#..#.#
#...#.#
#.#..#.###...#.#
#.#..........#.#
#.#.##.###...#.#
#.#..#.#
#...#♣#.#.##
#+##.#.#
###>..h......
#.# ###.#.#.###
#.. ...... ###
#.##### #.# ...
... ..


You could see a black bear (berserk).

Vanquished Creatures
  A gnoll (D:1)
  2 adders (D:3)
  A dart slug (D:1)
  8 ball pythons
  10 endoplasms
  4 giant cockroaches
  9 hobgoblins
  6 jackals
  2 quokkas
  3 bats
  A frilled lizard (D:3)
  2 goblins
  2 kobolds
  6 rats
57 creatures vanquished.

Notes
Turn   | Place    | Note
-------+----------+-------------------------------------------
     0 | D:1      | GreatBamboolord the Demonspawn Hexslinger began the quest
                  | for the Orb.
     0 | D:1      | Reached XP level 1. HP: 15/15 MP: 2/2
    44 | D:1      | Reached skill level 1 in Fire Magic
   131 | D:1      | Gained mutation: You are partially covered in sharp spines.
                  | [demonic ancestry]
   131 | D:1      | Reached XP level 2. HP: 21/21 MP: 3/3
   220 | D:1      | Reached XP level 3. HP: 26/26 MP: 4/4
   222 | D:1      | Learned a level 1 spell: Slow
   225 | D:1      | Learned a level 2 spell: Jinxbite
   660 | D:2      | Found a sacrificial altar of Ru.
  1120 | D:3      | Gained mutation: You have a small tail. [demonic ancestry]
  1120 | D:3      | Reached XP level 4. HP: 33/33 MP: 6/6
  1287 | D:3      | Found a shimmering blue altar of Sif Muna.
  1653 | D:4      | Noticed a black bear
  1662 | D:4      | HP: 1/49 [black bear (5)]
  1663 | D:4      | Slain by a black bear

Illustrated notes

Levels and vault maps discovered:
D:1:      evilmike_arrival_home_sweet_home, layout_rooms
D:2:      layout_basic, basic_altar, chequers_serial_rivers_small_3
D:3:      layout_rooms, mainiacjoe_overflow_big_doors
D:4:      layout_basic, chequers_hall_statues_wall_a, uniq_duvessa, uniq_pikel

Skill      XL: |  1  2  3  4 |
---------------+-------------+-----
Fire Magic     | 1 |  1.3
Ranged Weapons | 2 |  2.4
Dodging        | 2 |  2.5
Fighting       | 2 |  2.1
Spellcasting   | |  1.4
Hexes          | |  3.2

Action                     |  1- 3 |  4- 6 || total
---------------------------+-------+-------++-------
   Fire: Sling             |   111 |    49 ||   160
    Use: Scroll            |       |     5 ||     5
         Potion            |       |     1 ||     1
 Armour: Robe              |    21 |    17 ||    38
         Skin              |       |     9 ||     9
  Dodge: Dodged            |    20 |    18 ||    38
